 Dungeon Sprint DCSS version 0.30-a0-883-g5ad918d77d (webtiles) character file.

Game seed: 2094267517942041925

2764 BigDaddyOpFi the Spear-Bearer (level 9, -1/92 HPs)
             Began as a Hill Orc Fighter on Mar 17, 2023.
             Was a Priest of Qazlal.
             Slain by a boulder beetle (39 damage)
             ... in the Dungeon (Sprint IX: "|||||||||||||||||||||||||||||").
             The game lasted 00:01:53 (830 turns).

BigDaddyOpFi the Spear-Bearer (Hill Orc Fighter)     Turns: 830, Time: 00:01:54

Health: -1/92      AC: 13    Str: 23    XL:     9   Next: 69%
Magic:  9/9        EV: 12    Int:  8    God:    Qazlal [***...]
Gold:   0          SH:  4    Dex: 13    Spells: 8/8 levels left

rFire   . . .      SeeInvis .    s - +2 halberd (vamp)
rCold   . . .      Faith    .    (shield currently unavailable)
rNeg    . . .      Spirit   .    p - +1 scale mail
rPois   .          Reflect  .    o - +0 helmet
rElec   .          Rampage  .    a - +0 cloak
rCorr   .          NoTele   +    (no gloves)
Will    .....                    (no boots) Stlth
                                 (no amulet)
HPRegen 0.35/turn                q - +2 ring of evasion
MPRegen 0.11/turn                r - +3 ring of dexterity

@: no status effects
A: no striking features
a: Renounce Religion, Upheaval, Elemental Force


You were in the Dungeon.
You worshipped Qazlal.
Qazlal was most pleased with you.
You visited 1 branch

Inventory:

Hand Weapons
 n - a +1 broad axe of freezing
 s - a +2 vampiric halberd (weapon)
Armour
 a - a +0 cloak (worn)
 c - a +0 buckler
 o - a +0 helmet (worn)
 p - a +1 scale mail (worn)
Jewellery
 q - a +2 ring of evasion (left hand)
 r - a +3 ring of dexterity (right hand)
Wands
 m - a wand of acid (2) (quivered)
Scrolls
 j - 2 scrolls of blinking
 l - 2 scrolls of amnesia
Potions
 d - a potion of might
 e - 4 potions of curing
 g - a potion of haste
 h - 4 potions of magic
 i - a potion of berserk rage


   Skills:
 + Level 12.6 Fighting
 - Level 7.5(12.5) Axes
 * Level 13.2(13.7) Polearms
 + Level 11.6 Armour
 + Level 11.6 Shields


You had 8 spell levels left.
You didn't know any spells.
Your spell library was empty.

Dungeon Overview and Level Annotations

Branches:
Dungeon (1/1)

Altars:
Cheibriados
Dithmenos
Elyvilon
Fedhas
Gozag
Hepliaklqana
Kikubaaqudgha
Makhleb
Nemelex Xobeh
Okawaru
Qazlal
Ru
Sif Muna
Trog
Uskayaw
Vehumet
Wu Jian
Xom
Yredelemnul
Zin
The Shining One
Beogh
Jiyva
Lugonu


Message History

You feel stronger. x2
Unknown command.
You puncture the tengu warrior!
You feel better.
The tengu warrior is almost dead.
The boulder beetle curls into a ball and begins rolling!
The tengu warrior barely misses you. x2; You block the tengu warrior's attack.
You impale the tengu warrior!!
You feel better.
You kill the tengu warrior!
Qazlal accepts your kill.
Your Fighting skill increases to level 12!
Your base Polearms skill increases to level 12!
Your Armour skill increases to level 11!
Your Shields skill increases to level 11!
The gargoyle barely misses you.
The boulder beetle stops rolling and uncurls.
There is an open door here.
Things that are here:
a +0 great mace; a +0 ring mail; a tengu corpse You barely miss the gargoyle.
The gargoyle is moderately damaged.
The gargoyle hurls a stone arrow at you.
The stone arrow hits you!
You impale the gargoyle!!
You destroy the gargoyle!
Qazlal accepts your kill.
You can now give life to nearby clouds.
Your Polearms skill increases to level 13!
The boulder beetle barely misses you.
Things that are here:
a +0 dire flail; 4 large rocks You hit the boulder beetle but do no damage.
The boulder beetle leaps!
You hit the vampire mosquito.
You destroy the vampire mosquito!
Qazlal accepts your kill.
You see here a vampire mosquito corpse.
The boulder beetle curls into a ball and begins rolling!
Things that are here:
a +0 dire flail; 4 large rocks The boulder beetle hits you!!!
You die...

▓+▓
▓.▓
▓.▓
▓(▓
▓.▓
▓†▓
▓)▓
▓@▓
▓B▓
▓.▓
▓.▓
▓.▓
▓.▓
▓)▓
▓)▓
▓)▓


You could see a boulder beetle (rolling).

Vanquished Creatures
  A tengu warrior (D)
  2 cyclopes (D)
  2 gargoyles (D)
  A komodo dragon (D)
  A troll (D)
  A vampire mosquito (D)
  An ice beast (D)
  A centaur (D)
  A killer bee (D)
  A hound (D)
  An iguana (D)
  An orc wizard (D)
  A gnoll (D)
  An adder (D)
  A dart slug (D)
  A bat (D)
  An endoplasm (D)
  A quokka (D)
  A frilled lizard (D)
21 creatures vanquished.

Notes
Turn   | Place    | Note
-------+----------+-------------------------------------------
     0 | D        | BigDaddyOpFi the Hill Orc Fighter began the quest for the
                  | Orb.
     0 | D        | Reached XP level 1. HP: 19/19 MP: 1/1
    12 | D        | Reached XP level 2. HP: 22/28 MP: 2/2
   136 | D        | Noticed an ice beast
   143 | D        | Killed an ice beast
   144 | D        | Reached skill level 5 in Armour
   144 | D        | Reached skill level 5 in Shields
   144 | D        | Reached XP level 3. HP: 5/38 MP: 3/3
   144 | D        | Reached XP level 4. HP: 6/45 MP: 4/4
   151 | D        | Reached XP level 5. HP: 24/51 MP: 5/5
   391 | D        | Found a roughly hewn altar of Beogh.
   391 | D        | Found a snail-covered altar of Cheibriados.
   391 | D        | Found a shadowy altar of Dithmenos.
   391 | D        | Found a white marble altar of Elyvilon.
   391 | D        | Found a blossoming altar of Fedhas.
   391 | D        | Found an opulent altar of Gozag.
   392 | D        | Found a hazy altar of Hepliaklqana.
   393 | D        | Found a viscous altar of Jiyva.
   394 | D        | Found an ancient bone altar of Kikubaaqudgha.
   395 | D        | Found a corrupted altar of Lugonu.
   396 | D        | Found a burning altar of Makhleb.
   397 | D        | Found a sparkling altar of Nemelex Xobeh.
   398 | D        | Found an iron altar of Okawaru.
   399 | D        | Found a stormy altar of Qazlal.
   400 | D        | Found a sacrificial altar of Ru.
   401 | D        | Found a shimmering blue altar of Sif Muna.
   402 | D        | Found a bloodstained altar of Trog.
   403 | D        | Found a hide-covered altar of Uskayaw.
   404 | D        | Found a radiant altar of Vehumet.
   405 | D        | Found an ornate altar of the Wu Jian Council.
   406 | D        | Found a shimmering altar of Xom.
   407 | D        | Became a worshipper of Qazlal Stormbringer
   408 | D        | Found a basalt altar of Yredelemnul.
   409 | D        | Found a glowing silver altar of Zin.
   410 | D        | Found a glowing golden altar of the Shining One.
   482 | D        | Noticed a gargoyle
   482 | D        | Noticed a komodo dragon
   482 | D        | Noticed a troll
   482 | D        | Noticed a centaur
   500 | D        | Reached skill level 2 in Polearms
   501 | D        | Killed a centaur
   501 | D        | Reached * piety under Qazlal
   502 | D        | Reached skill level 4 in Polearms
   502 | D        | Reached XP level 6. HP: 49/62 MP: 6/6
   512 | D        | Killed a troll
   513 | D        | Reached skill level 7 in Polearms
   513 | D        | Reached XP level 7. HP: 34/70 MP: 7/7
   519 | D        | Killed a komodo dragon
   520 | D        | Reached skill level 10 in Fighting
   520 | D        | Reached skill level 8 in Polearms
   521 | D        | Killed a gargoyle
   521 | D        | Reached ** piety under Qazlal
   522 | D        | Reached skill level 9 in Polearms
   522 | D        | Reached XP level 8. HP: 36/81 MP: 8/8
   812 | D        | Noticed a boulder beetle
   812 | D        | Noticed a cyclops
   812 | D        | Noticed a gargoyle
   812 | D        | Noticed a cyclops
   812 | D        | Noticed a tengu warrior
   819 | D        | Killed a cyclops
   819 | D        | Killed a cyclops
   820 | D        | Reached skill level 11 in Polearms
   820 | D        | Reached skill level 10 in Armour
   820 | D        | Reached skill level 10 in Shields
   820 | D        | Reached XP level 9. HP: 31/89 MP: 9/9
   821 | D        | Killed a tengu warrior
   822 | D        | Reached skill level 12 in Polearms
   824 | D        | Killed a gargoyle
   824 | D        | Reached *** piety under Qazlal
   825 | D        | Reached skill level 13 in Polearms
   830 | D        | Slain by a boulder beetle

Illustrated notes

Levels and vault maps discovered:
D:        linesprint [early_d, line_temple, items_1, d_10, items_2, lair_1,
          lair_end, items_3, orc_1, orc_end, items_4, d_15, swamp_1, shoals_1,
          snake_1, spider_1, d_20, vaults_1, items_5, swamp_end, shoals_end,
          snake_end, spider_end, vaults_end, d_27, items_6, zot_1, zot_end,
          crypt_end, forest_end, elf_end, slime_end, tomb_end, abyss_end,
          pan_hell_end]

Skill      XL: |  1  2  3  4  5  6  7  8  9 |
---------------+----------------------------+-----
Axes           | 4 6 7 |  7.5
Fighting       | 4 6 8 9 10 11 12 | 12.6
Armour         | 4 5 6 7 8 9 10 11 | 11.6
Shields        | 4 5 6 7 8 9 10 11 | 11.6
Polearms       | 4 7 9 11 13 | 13.2

Action                     |  1- 3 |  4- 6 |  7- 9 || total
---------------------------+-------+-------+-------++-------
  Melee: War axe           |    17 |    14 |       ||    31
         Halberd           |       |    18 |    13 ||    31
  Evoke: Wand              |       |     2 |     6 ||     8
    Use: Potion            |       |     3 |     2 ||     5
 Armour: Scale mail        |     5 |    24 |     9 ||    38
  Dodge: Dodged            |     6 |    24 |    13 ||    43
  Block: Buckler           |     3 |     2 |       ||     5
         Other             |       |     1 |     2 ||     3

Table legend: (Time is in decaauts)
 A = Elapsed time spent in this place.
 B = Non-inter-level travel time spent in this place.
 C = Inter-level travel time spent in this place.
 D = Time resting spent in this place.
 E = Time spent auto-exploring this place.
 F = Levels seen in this place.
 G = Mean time per level.
                   A        B        C        D        E       F      G
               +--------+--------+--------+--------+--------+-----+--------+
         Total |    840 |    840 |      0 |    630 |      0 |   1 |  840.0 |
       Dungeon |    840 |    840 |      0 |    630 |      0 |   1 |  840.0 |
               +--------+--------+--------+--------+--------+-----+--------+

Top non-repeatable levels by time:
       D: 840 daAuts
